 Dungeon Crawl Stone Soup version 0.17-a0-2208-ge5ab1d3 (webtiles) character file.

307 Duffy the Cudgeler (level 6, -3/33 HPs)
             Began as a Vine Stalker Gladiator on Oct 27, 2015.
             Succumbed to Duffy's ghost's poison
             ... on level 4 of the Dungeon.
             The game lasted 00:04:05 (2206 turns).

Duffy the Cudgeler (Vine Stalker Gladiator)         Turns: 2206, Time: 00:04:06

Health: -3/33      AC:  8    Str: 19    XL:     6   Next: 40%
Magic:  6/7        EV: 10    Int:  8    God:
Gold:   158        SH:  0    Dex: 15    Spells: 0 memorised, 5 levels left

rFire  + . .     SeeInvis .     a - +0 flail
rCold  . . .     Clarity  .     w - +0 scale mail (curse)
rNeg   . . .     SustAt   .     (no shield)
rPois  .         Gourm    .     c - +0 helmet
rElec  .         Spirit   +     (no cloak)
rCorr  .         Warding  .     l - +0 pair of gloves
rMut   +         Stasis   .     (no boots)
MR     .....                    t - amulet of resist mutation
Stlth  ..........               (no ring)
                                p - ring of protection from fire

@: lethally poisoned (-3 -> -31), not resistant to hostile enchantments,
extremely unstealthy
A: fangs 2, regeneration 2, magic shield, antimagic bite, no device heal 3, rot
immunity
a: no special abilities


You were on level 4 of the Dungeon.
You were hungry.

You visited 1 branch of the dungeon, and saw 4 of its levels.

You collected 158 gold pieces.


Innate Abilities, Weirdness & Mutations

You have extremely sharp teeth.
You heal very quickly.
When hurt, damage is shared between your health and your magic reserves.
Your bite disrupts and absorbs the magic of your enemies.
Potions and wands cannot restore your health.
You are immune to rotting.


   Skills:
 + Level 3.8 Fighting
 + Level 5.3 Maces & Flails
 - Level 1.7 Throwing
 - Level 2.4 Dodging


You had 5 spell levels left.
You didn't know any spells.

Inventory:

Hand Weapons
 a - a +0 flail (weapon)
Missiles
 d - 3 throwing nets (quivered)
 n - 14 poisoned needles
Armour
 b - a +0 leather armour
 c - a +0 helmet (worn)
 l - a +0 pair of gloves (worn)
 w - a cursed +0 scale mail (worn)
Jewellery
 p - a ring of protection from fire (left hand)
 t - an amulet of resist mutation (around neck)
Wands
 A - a wand of disintegration (8)
Scrolls
 g - 4 scrolls of enchant armour
 j - a scroll of enchant weapon {unknown}
 k - a scroll of remove curse {unknown}
 m - a scroll of immolation {unknown}
 o - 2 scrolls of magic mapping {unknown}
 u - a scroll of fog {unknown}
 v - a scroll of teleportation {unknown}
 y - a scroll of blinking {unknown}
Potions
 f - a potion of haste
 h - 2 potions of lignification
 q - 2 potions of agility
 r - 2 potions of curing
 s - 3 potions of might
 z - a potion of cure mutation {unknown}
Comestibles
 e - 4 bread rations
 i - a beef jerky
 x - 2 meat rations

Dungeon Overview and Level Annotations

Branches:
Dungeon (4/15)
 Temple: D:4-7

Altars:

Annotations:
D:4 Duffy's ghost, amateur VSGl


Message History

You hit Duffy's ghost. You bite Duffy's ghost. You drain its power.
You feel invigorated.
Duffy's ghost is heavily damaged.
You feel sick.
Duffy's ghost hits you but does no damage.
You are lethally poisoned!
You barely miss Duffy's ghost.
Duffy's ghost is heavily damaged.
You feel very sick.
Duffy's ghost hits you but does no damage.
You are more poisoned.
Duffy's ghost barely misses you.
You closely miss Duffy's ghost. You bite Duffy's ghost. You drain its power.
Duffy's ghost is heavily damaged.
You feel very sick. Duffy's ghost barely misses you.
Your scale mail prevents you from hitting Duffy's ghost.
Duffy's ghost is heavily damaged.
You feel very sick. Duffy's ghost hits you.
You are more poisoned.
You closely miss Duffy's ghost. You bite Duffy's ghost. You drain its power.
You feel invigorated.
Duffy's ghost is heavily damaged.
You are feeling hungry.
You feel very sick.
Duffy's ghost hits you but does no damage.
You are more poisoned.
You closely miss Duffy's ghost. Your bite misses Duffy's ghost.
Duffy's ghost is heavily damaged.
You feel very sick. Duffy's ghost closely misses you.
You hit Duffy's ghost but do no damage. Your bite misses Duffy's ghost.
Duffy's ghost is heavily damaged.
You die...

. .#######
........ #.......
###########.......
.......@Ww........
##########..######
# ##.## .#
#..#####.#. ####
##.........
.....##.......#
..............#
.....#........#
.... #.#.####.#


You could see a worm and Duffy's ghost.

Action                   |  1- 3 |  4- 6 || total
-------------------------+-------+-------++-------
Melee: Flail             |   112 |   108 ||   220
  Use: Scroll            |     5 |     1 ||     6
  Eat: Chunk             |     1 |     3 ||     4

Notes
Turn   | Place    | Note
--------------------------------------------------------------
     0 | D:1      | Duffy the Vine Stalker Gladiator began the quest for the Orb.
     0 | D:1      | Reached XP level 1. HP: 11/11 MP: 2/2
    52 | D:1      | Reached skill level 3 in Maces & Flails
   129 | D:1      | Reached XP level 2. HP: 15/15 MP: 3/3
   588 | D:1      | Reached XP level 3. HP: 18/18 MP: 4/4
   841 | D:2      | Reached skill level 2 in Fighting
   841 | D:2      | Reached skill level 4 in Maces & Flails
  1208 | D:2      | Reached XP level 4. HP: 23/23 MP: 5/5
  1538 | D:3      | Reached XP level 5. HP: 26/28 MP: 6/6
  1549 | D:3      | Reached skill level 3 in Fighting
  1677 | D:3      | Noticed an ogre
  1690 | D:3      | Killed an ogre
  1690 | D:3      | Reached skill level 5 in Maces & Flails
  1690 | D:3      | Gained mutation: You heal very quickly. [Vine Stalker growth]
  1690 | D:3      | Reached XP level 6. HP: 17/32 MP: 4/7
  2188 | D:4      | Noticed Duffy's ghost (amateur VSGl)
  2206 | D:4      | Succumbed to Duffy's ghost's poison

Vault maps used:
D:1:      dpeg_chamrin_arrival_tetris
D:2:      minivault_27
D:3:      minmay_ogre_servants, uniq_natasha
D:4:      nicolae_ossuary_entry_catacombs, first_bread

Vanquished Creatures
  An ogre
  3 orc wizards
  2 worker ants
  3 adders
  An ooze
  A worm
  A giant gecko
  An orc
  A ball python
  9 bats
  3 giant cockroaches
  5 hobgoblins
  11 jackals
  2 giant newts
  15 goblins
  5 kobolds
  A quokka
  8 rats
73 creatures vanquished.
